AoeStats
← thiago.16

Glade

510565486Analyzed
1v1 RM · 2d ago on Oct 1, 2026· 36m 55s· 2 players
Game mode
Random Map
Map size
Tiny (2 player)
Population
200
Speed
Normal
Resources
Standard
Victory
Conquest
Starting age
Dark Age
Ending age
Imperial Age
RankedLock teamsTeams togetherTeam positionsShared explorationLock speedFull tech treeHidden civsTurbo modeCheats
Victory
Defeat
🇧🇷 Japanese · Brazil
522
+16
🇵🇱 Poles · Poland
516
-16
RAFAEL DYSZY
0:36 Loom
10:59 Feudal Age
12:18 Wheelbarrow
11:25 Horse Collar
11:33 Double-Bit Axe
15:55 Gold Mining
19:19 Castle Age
17:59 Arson
18:58 Stone Mining
20:17 Hand Cart
20:28 Bow Saw
20:36 Pikeman
22:40 Squires
23:44 Light Cavalry
25:56 Husbandry
26:52 Bloodlines
28:05 Forging
30:17 Scale Barding Armor
30:37 Fletching
30:48 Padded Archer Armor
30:51 Crossbowman
30:53 Elite Skirmisher
32:19 Stone Shaft Mining
32:24 Bloodlines
thiago.16
0:33 Loom
11:39 Feudal Age
12:05 Horse Collar
12:14 Double-Bit Axe
12:23 Gold Mining
12:24 Stone Mining
13:24 Man-at-Arms
19:18 Wheelbarrow
26:25 Castle Age
25:28 Scale Mail Armor
25:39 Forging
25:30 Padded Archer Armor
25:21 Fletching
27:08 Heavy Plow
27:22 Bow Saw
26:47 Elite Skirmisher
28:54 Chain Mail Armor
28:55 Treadmill Crane
29:11 Murder Holes
30:16 Ballistics
29:36 Pikeman
30:17 Squires
30:03 Arson
36:09 Hand Cart
37:18 Gold Shaft Mining
Connection lost

Rejoining the realm…

Still unreachable

The connection could not be restored.

Session expired

The server has moved on; the page needs a fresh start.